 Dungeon Crawl Stone Soup version 0.31-a0-844-gdc52ec4e09 (webtiles) character file.

Game seed: 13524481465920878693

53 night the Ruffian (level 3, -9/27 HPs)
             Began as a Demonspawn Shapeshifter on Sept 30, 2023.
             Mangled by a gnoll
             ... wielding a +0 halberd
              (10 damage)
             ... on level 2 of the Dungeon.
             The game lasted 00:02:13 (1099 turns).

night the Ruffian (Demonspawn Shapeshifter)         Turns: 1099, Time: 00:02:14

Health: -9/27      AC:  8    Str: 14    XL:     3   Next: 62%
Magic:  12/12      EV:  9    Int: 13    God:
Gold:   84         SH:  0    Dex: 12    Spells: 2/2 levels left

rFire   . .          .
                       - Unarmed
rCold   . . .        (no shield)
rNeg    . . .        m - +0 scale mail
rPois   .            (helmet currently unavailable)
rElec   .            (cloak currently unavailable)
rCorr   .            (gloves currently unavailable)
SInv    .            (boots currently unavailable)
Will    .....        (no amulet) Stlth
                     e - ring of wizardry
HPRegen 0.24/turn    i - ring of magical power
MPRegen 0.13/turn

%: wizardry (x1)
@: lethally poisoned (-9 -> -17), beast-form, invisible
A: beast (slay +1), yellow scales 1
a: Begin Untransformation


You were on level 2 of the Dungeon.
You were a hulking beast.
You visited 1 branch of the dungeon, and saw 2 of its levels.

You collected 84 gold pieces.

Inventory:

Missiles
 f - 20 stones
 j - 3 atropa-tipped darts
Armour
 a - a +0 animal skin
 m - a +0 scale mail (worn)
Jewellery
 e - a ring of wizardry (left hand)
 i - a ring of magical power (right hand)
Talismans
 c - a beast talisman (active)
 d - a flux talisman
Scrolls
 h - a scroll of silence {unknown}
 l - a scroll of enchant weapon {unknown}
 o - 3 scrolls of fog {unknown}
Potions
 b - a potion of lignification
 k - a potion of curing {unknown}
 n - a potion of might {unknown}


   Skills:
 + Level 1.9 Fighting
 - Level 1.7 Dodging
 * Level 3.5 Unarmed Combat
 + Level 3.0 Shapeshifting


You had 2 spell levels left.
You didn't know any spells.
Your spell library contained the following spells:

 Spells                   Type           Power      Damage    Failure   Level
 Shock                    Conj/Air       0%         1d3       45%         1
 Swiftness                Air            0%         N/A       82%         3
 Airstrike                Air            0%         2d(0-16)  99%         4


Dungeon Overview and Level Annotations

Branches:
Dungeon (2/15)

Altars:


Innate Abilities, Weirdness & Mutations

You are a hulking beast.
Your limbs bulge with bestial killing power. (Slay +1)
You are partially covered in yellow scales. (AC +2)


Message History

Things that are here:
a +0 chain mail; a quokka corpse You hit the adder.
The adder is heavily wounded.
The adder bites you but does no damage.
You hit the adder.
The adder is heavily wounded.
The adder bites you.
You barely miss the adder.
The adder is heavily wounded.
The adder bites you.
The gnoll hits you from afar with a +0 halberd!
You barely miss the adder.
The adder is heavily wounded.
The adder bites you but does no damage. The gnoll hits you but does no damage.
The adder barely misses you.
You hit the adder.
The adder is almost dead.
The adder bites you but does no damage.
You miss the adder.
The adder is almost dead.
The gnoll hits you from afar with a +0 halberd.
* * * LOW HITPOINT WARNING * * *
The adder bites you.
* * * LOW HITPOINT WARNING * * *
You are poisoned.
The adder poisons you!
You closely miss the adder.
The adder is almost dead.
You feel sick. The gnoll completely misses you. The adder bites you.
* * * LOW HITPOINT WARNING * * *
You are more poisoned.
The adder poisons you!
It was a potion of invisibility.
You fade into invisibility!
* * * LOW HITPOINT WARNING * * *
You feel very sick. The adder barely misses you.
The gnoll hits you from afar with a +0 halberd!
You die...

#...############ ##.#..
#.#..#.........####.....
#.......................
#..#......#####.###..#..
##.##.....#####.##......
#.##...........<..#.###
#gg#........##.#....#
##S#....##.......######
#h#....####...........
#......# ###.....#...
##.....# #...#.#.#.
#.##### ###..##...#.
#..# #....##...#. ##.#
##....#..#... #)#
#....##.###.. #.#
####.#..##.# #.#
#..##..........# #.#


You could see 2 gnolls and an adder (unable to see you).

Vanquished Creatures
  A gnoll (D:2)
  An adder (D:2)
  A worm (D:2)
  A dart slug (D:2)
  4 bats
  3 endoplasms (D:1)
  A giant cockroach (D:1)
  3 goblins
  2 hobgoblins
  4 quokkas
  A ball python (D:2)
  3 frilled lizards (D:1)
  3 kobolds (D:1)
  2 rats (D:1)
30 creatures vanquished.

Notes
Turn   | Place    | Note
-------+----------+-------------------------------------------
     0 | D:1      | night the Demonspawn Shapeshifter began the quest for the
                  | Orb.
     0 | D:1      | Reached XP level 1. HP: 15/15 MP: 1/1
   283 | D:1      | Gained mutation: You are partially covered in yellow
                  | scales. (AC +2) [demonic ancestry]
   283 | D:1      | Reached XP level 2. HP: 19/21 MP: 2/2
   870 | D:2      | Reached XP level 3. HP: 19/27 MP: 3/3
  1098 | D:2      | HP: 3/27 [adder (3)]
  1099 | D:2      | HP: 1/27 [poisoned by an adder]
  1099 | D:2      | Mangled by a gnoll

Illustrated notes

Levels and vault maps discovered:
D:1:      co_arrival_random_square_maze, layout_basic, serial_forest,
          infiniplex_forest_diagonal, infiniplex_forest_clump_curved,
          infiniplex_forest_straight_4, infiniplex_forest_lined_3_way,
          infiniplex_forest_straight_4, infiniplex_forest_clump_medium
D:2:      layout_rooms, reono_crystal_passage, supply_closet_lemuel,
          nicolae_half_adder, uniq_crazy_yiuf_cottage

Skill      XL: |  1  2 |
---------------+-------+-----
Unarmed Combat | 3 |  3.5
Shapeshifting  | 3 |  3.0
Fighting       | |  1.9
Dodging        | |  1.7

Action                     || total
---------------------------++-------
  Melee: Unarmed           ||    86
         Punch             ||     2
    Use: Potion            ||     1
   Stab: Sleeping          ||     3
 Armour: Animal skin       ||    14
         Scale mail        ||    31
  Dodge: Dodged            ||    41

Table legend: (Time is in decaauts)
 A = Elapsed time spent in this place.
 B = Non-inter-level travel time spent in this place.
 C = Inter-level travel time spent in this place.
 D = Time resting spent in this place.
 E = Time spent auto-exploring this place.
 F = Levels seen in this place.
 G = Mean time per level.
                   A        B        C        D        E       F      G
               +--------+--------+--------+--------+--------+-----+--------+
         Total |   1094 |   1078 |     16 |     33 |    795 |   2 |  547.0 |
       Dungeon |   1094 |   1078 |     16 |     33 |    795 |   2 |  547.0 |
               +--------+--------+--------+--------+--------+-----+--------+

Top non-repeatable levels by time:
     D:1: 820 daAuts
     D:2: 273 daAuts
